 Dungeon Crawl Stone Soup version 0.27-a0-346-ga689d4a613 (webtiles) character file.

Game seed: 16771348695310409034

4657 dolemite99 the Cleaver (level 10, 0/71 HPs)
             Began as a Demonspawn Fighter on Feb 15, 2021.
             Was a Priest of Makhleb.
             Slain by a phantasmal warrior (21 damage)
             ... led by a death knight
             ... on level 9 of the Dungeon.
             The game lasted 00:10:04 (11851 turns).

dolemite99 the Cleaver (Demonspawn Fighter)        Turns: 11851, Time: 00:10:04

Health: 0/71       AC: 13    Str: 20    XL:     10   Next: 20%
Magic:  16/16      EV:  3    Int: 10    God:    Makhleb [***...]
Gold:   654        SH:  9    Dex: 18    Spells: 9/9 levels left

rFire    . . .     SeeInvis .   a - +2 war axe
rCold    . . .     Faith    .   c - +0 kite shield
rNeg     . . .     Spirit   .   u - +0 plate armour
rPois    .         Reflect  .   (helmet unavailable)
rElec    .         Harm     .   (no cloak)
rCorr    .         Rampage  .   (no gloves)
Will     .....                  (no boots)
Stlth    ..........             (no amulet)
HPRegen  0.21/turn              p - ring of willpower
MPRegen  0.15/turn              q - +6 ring of dexterity

@: about to teleport, weak-willed
A: horns 3, molten scales 1, spiny 2
a: Renounce Religion, Minor Destruction, Lesser Servant of Makhleb


You were on level 9 of the Dungeon.
You worshipped Makhleb.
Makhleb was most pleased with you.
You visited 1 branch of the dungeon, and saw 9 of its levels.

You collected 654 gold pieces.

Inventory:

Hand Weapons
 a - a +2 war axe (weapon)
 n - a +2 vorpal morningstar
 B - a +1 antimagic war axe
 L - a +0 battleaxe
Missiles
 e - 89 sling bullets
 f - 236 arrows
 i - 384 stones
 k - 44 poisoned darts (quivered)
 s - 73 bolts
 I - 4 throwing nets
Armour
 b - a +0 scale mail
 c - a +0 kite shield (worn)
 r - a +0 chain mail
 u - a +0 plate armour (worn)
 w - +0 acid dragon scales
Jewellery
 d - a ring of willpower
 l - a ring of see invisible
 p - a ring of willpower (left hand)
 q - a +6 ring of dexterity (right hand)
 C - a ring of magical power
Wands
 H - a wand of random effects (16)
 J - a wand of paralysis (6)
 K - a wand of charming (7)
Scrolls
 g - 3 scrolls of identify {@r1}
 h - 2 scrolls of teleportation
 m - a scroll of blinking
 o - 2 scrolls of fog
 x - a scroll of magic mapping {unknown}
 y - 2 scrolls of fear {unknown}
 A - a scroll of amnesia {unknown}
 E - 2 scrolls of enchant armour {unknown}
Potions
 j - 5 potions of curing
 t - a potion of ambrosia {unknown}
 v - 5 potions of lignification {unknown}
 z - a potion of magic {unknown}
 D - a potion of degeneration {unknown}
 F - a potion of resistance {unknown}
 G - a potion of invisibility {unknown}
 M - a potion of attraction {unknown}


   Skills:
 + Level 4.1 Fighting
 - Level 10.7 Axes
 + Level 3.7 Armour
 - Level 2.6 Shields
 - Level 8.4 Invocations
 - Level 5.3 Evocations


You had 9 spell levels left.
You didn't know any spells.
Your spell library contained the following spells:

 Spells                   Type           Power        Failure   Level
 Beastly Appendage        Tmut           0%           100%        1
 Wereblood                Tmut           0%           100%        2
 Spider Form              Tmut/Pois      0%           100%        3
 Ice Form                 Ice/Tmut       0%           100%        4
 Blade Hands              Tmut           0%           100%        5
 Bolt of Magma            Conj/Fire/Erth 0%           100%        5
 Iskenderun's Battlesphe  Conj           0%           100%        5
 Iron Shot                Conj/Erth      0%           100%        6
 Orb of Destruction       Conj           0%           100%        7
 Spellforged Servitor     Conj/Summ      0%           100%        7


Dungeon Overview and Level Annotations

Branches:
Dungeon (9/15)             Temple (0/1) D:7            Lair (0/6) D:9
    Orc: D:9-12

Altars:
Dithmenos
Hepliaklqana
Makhleb
Ru
Sif Muna
Uskayaw
Zin
The Shining One

Annotations:
D:8 1 runed translucent door


Innate Abilities, Weirdness & Mutations

You have a pair of large horns on your head.
You are partially covered in molten scales. (AC +2)
You are mostly covered in sharp spines.


Message History

A phantasmal warrior comes into view.
A phantasmal warrior is nearby!
Press: ? - help, Shift-Dir - straight line, f - phantasmal warrior
Aim: a phantasmal warrior The stone arrow misses the phantasmal warrior.
You hear a shout!
A death knight comes into view. It is wielding a +3 broad axe.
Press: ? - help, Shift-Dir - straight line, f/p - phantasmal warrior
Aim: a phantasmal warrior The phantasmal warrior is unaffected.
The phantasmal warrior blinks!
Press: ? - help, Shift-Dir - straight line, f/p - phantasmal warrior
Aim: a phantasmal warrior The death knight writhes in agony.
A skeletal warrior comes into view. It is wielding a +0 trident.
The phantasmal warrior blinks!
The skeletal warrior moves out of view.
As you read the scroll of teleportation, it crumbles to dust.
You feel strangely unstable.
The phantasmal warrior hits you but does no damage.
Your surroundings seem slightly different.
The phantasmal warrior blinks!
The phantasmal warrior hits you!!
Found an escape hatch in the floor.
A quasit comes into view.
The quasit gives a chilling moan.
The phantasmal warrior blinks!
A demon appears!
The quasit completely misses your ynoxinul.
The quasit claws your ynoxinul but does no damage.
The quasit barely misses your ynoxinul.
The phantasmal warrior is struck by your spines.
The phantasmal warrior hits you!!
* * * LOW HITPOINT WARNING * * *
Your willpower is stripped away!
As you read the scroll of teleportation, it crumbles to dust.
You feel strangely unstable.
The quasit bites your ynoxinul but does no damage.
The quasit claws your ynoxinul. The quasit misses your ynoxinul.
The phantasmal warrior is struck by your spines.
The phantasmal warrior hits you!!
You die...

##########.##.#
#.# #....#
#.##.#####.##
#....#
####........#
#....#
#########..#
#....#
#..........#####
#....#
###.########....p.
#....# #...#
#####.# #....#
#.### .# #....#
#@# .# #....#
#W35.# .# ##
#....# ####.# z#
)# ###....# .. .#
.# #......# ## ##
.#####.#....#
.......#.####
########.#
.........#


You could see a phantasmal warrior, a quasit (ally target) and a friendly
ynoxinul (summoned).

Vanquished Creatures
  Maggie (D:8)
  2 trolls (D:7)
  A yak (D:7)
  3 wargs (D:9)
  A black bear (D:6)
  3 orc warriors
  A sky beast (D:9)
  A necrophage (D:9)
  2 ice beasts (D:7)
  An eye of draining (D:9)
  3 ogres
  3 centaurs
  2 phantoms
  2 bullfrogs
  A gnoll sergeant (D:6)
  A scorpion (D:9)
  5 killer bees (D:9)
  4 howler monkeys
  A bullfrog zombie (D:7)
  A hound (D:7)
  2 jellies
  10 orc priests
  4 bullfrog skeletons
  2 iguanas
  9 orc wizards
  7 worker ants
  A hound skeleton (D:5)
  5 gnolls (D:7)
  A howler monkey skeleton (D:8)
  2 worker ant zombies
  10 adders
  2 shadow imps
  4 white imps
  An adder zombie (D:9)
  An adder skeleton (D:7)
  A worm (D:3)
  5 dart slugs
  6 leopard geckos
  43 orcs
  6 giant cockroaches
  5 hobgoblins (D:2)
  25 jackals
  3 quokkas
  2 ball pythons
  7 bats
  A frilled lizard (D:1)
  3 goblins
  7 kobolds
  8 rats
222 creatures vanquished.

Notes
Turn   | Place    | Note
-------+----------+-------------------------------------------
     0 | D:1      | dolemite99 the Demonspawn Fighter began the quest for the
                  | Orb.
     0 | D:1      | Reached XP level 1. HP: 18/18 MP: 1/1
     5 | D:1      | Noticed a four-headed hydra
    67 | D:1      | Reached skill level 2 in Axes
   449 | D:1      | Gained mutation: You have a pair of small horns on your
                  | head. [demonic ancestry]
   449 | D:1      | Reached XP level 2. HP: 24/24 MP: 2/2
   845 | D:1      | Noticed a black mamba
   885 | D:1      | Reached skill level 3 in Axes
  1283 | D:2      | Gained mutation: You are partially covered in sharp spines.
                  | [demonic ancestry]
  1283 | D:2      | Reached XP level 3. HP: 19/29 MP: 3/3
  2764 | D:3      | Reached skill level 4 in Axes
  2764 | D:3      | Reached XP level 4. HP: 35/35 MP: 4/4
  3173 | D:3      | Found a burning altar of Makhleb.
  3173 | D:3      | Noticed a blizzard demon
  3176 | D:3      | Noticed a neqoxec
  3176 | D:3      | Noticed an orange demon
  3178 | D:3      | Became a worshipper of Makhleb the Destroyer
  3381 | D:4      | Noticed a +0 hand axe
  3384 | D:4      | Noticed a +0 hand axe
  3385 | D:4      | Found a hide-covered altar of Uskayaw.
  3662 | D:4      | Reached XP level 5. HP: 34/41 MP: 5/5
  3719 | D:4      | Reached skill level 5 in Axes
  3872 | D:5      | Entered Level 5 of the Dungeon
  3975 | D:5      | Reached XP level 6. HP: 44/47 MP: 6/6
  3988 | D:5      | Reached skill level 6 in Axes
  4123 | D:5      | Found a glowing silver altar of Zin.
  4229 | D:5      | Reached * piety under Makhleb
  4939 | D:6      | Reached skill level 7 in Axes
  4939 | D:6      | Gained mutation: You are mostly covered in sharp spines.
                  | [demonic ancestry]
  4939 | D:6      | Reached XP level 7. HP: 45/52 MP: 7/7
  5561 | D:6      | Reached skill level 8 in Axes
  6917 | D:7      | Gained mutation: You have a pair of horns on your head.
                  | [demonic ancestry]
  6917 | D:7      | Reached XP level 8. HP: 13/58 MP: 8/8
  7354 | D:7      | Noticed a troll
  7365 | D:7      | Reached skill level 9 in Axes
  7368 | D:7      | Killed a troll
  7371 | D:7      | Reached skill level 10 in Axes
  7376 | D:7      | Noticed a troll
  7390 | D:7      | Killed a troll
  7639 | D:7      | Found a staircase to the Ecumenical Temple.
  7773 | D:7      | Gained mutation: You have a pair of large horns on your
                  | head. [demonic ancestry]
  7773 | D:7      | Reached XP level 9. HP: 33/64 MP: 9/9
  7947 | D:7      | Reached ** piety under Makhleb
  8164 | D:7      | Found a shadowy altar of Dithmenos.
  8297 | D:7      | Reached skill level 1 in Invocations
  8927 | D:8      | Noticed an angel
  9083 | D:8      | Noticed Maggie
  9098 | D:8      | Killed Maggie
  9584 | D:8      | Found a hazy altar of Hepliaklqana.
  9702 | D:8      | Found a shimmering blue altar of Sif Muna.
  9702 | D:8      | Found a glowing golden altar of the Shining One.
  9710 | D:8      | Found a faded altar of an unknown god.
  9712 | D:8      | Found a sacrificial altar of Ru.
  9714 | D:8      | Found a faded altar of an unknown god.
  9749 | D:8      | Found a runed translucent door.
  9910 | D:8      | Found a glowing silver altar of Zin.
 10544 | D:9      | Reached skill level 1 in Evocations
 10816 | D:9      | Reached *** piety under Makhleb
 10817 | D:9      | Gained mutation: You are partially covered in molten
                  | scales. (AC +2) [demonic ancestry]
 10817 | D:9      | Reached XP level 10. HP: 57/71 MP: 16/16
 11132 | D:9      | Found a staircase to the Lair.
 11287 | D:9      | Reached skill level 5 in Evocations
 11834 | D:9      | Noticed a phantasmal warrior
 11835 | D:9      | Noticed a death knight
 11837 | D:9      | Noticed a skeletal warrior
 11851 | D:9      | Slain by a phantasmal warrior

Illustrated notes

Levels and vault maps discovered:
D:1:      sevenhm_arrival_forest_fort_small_2, layout_basic,
          grunt_decor_fettered
D:2:      layout_basic, chequers_serial_rivers_small_b,
          minmay_goblin_kobold_house
D:3:      layout_rooms, makhleb_altar_promises_db,
          corexii_item_surrounded_by_moat, nrook_mini_backslash
D:4:      layout_rooms, dancing_weapons_uskayaw
D:5:      layout_rooms, basic_altar
D:6:      wander_river, layout_basic
D:7:      minmay_the_grid_triangle_9x9_recursive_2
          [minmay_the_grid_triangle_9x9_prize_top_heavy,
          minmay_the_grid_triangle_9x9_cache,
          minmay_the_grid_triangle_9x9_from_above,
          minmay_the_grid_triangle_9x9_negative_grid], layout_basic,
          minmay_temple_entry_statues_fountains, basic_altar
D:8:      layout_cave_pools, kennysheep_little_box,
          chequers_temple_overflow_minitemple, lemuel_angel_altar, uniq_maggie
D:9:      layout_basic, erik_lair_orcish_takeover

Skill      XL: |  1  2  3  4  5  6  7  8  9 10 |
---------------+-------------------------------+-----
Axes           | 2 3 4 5 7 8 10 | 10.7
Armour         | 3 |  3.7
Fighting       | 4 |  4.1
Invocations    | 8 |  8.4
Evocations     | 3 5 |  5.3
Shields        | |  2.6

Action                   |  1- 3 |  4- 6 |  7- 9 | 10-12 || total
-------------------------+-------+-------+-------+-------++-------
Melee: War axe           |   114 |   110 |   220 |     9 ||   453
       Headbutt          |     5 |    20 |    41 |     1 ||    67
Throw: Stone             |     6 |       |       |       ||     6
       Dart              |    15 |    31 |    13 |       ||    59
Invok: Minor Destruction |       |       |    19 |    62 ||    81
       Lesser Servant of |       |       |       |     1 ||     1
  Use: Scroll            |     5 |     4 |     4 |     2 ||    15
       Potion            |       |     1 |     5 |       ||     6
Armor: Scale mail        |    77 |     8 |       |       ||    85
       Chain mail        |       |    11 |       |       ||    11
       Plate armour      |       |    55 |   109 |     7 ||   171
Dodge: Dodged            |    46 |    18 |    27 |     2 ||    93
Block: Kite shield       |    75 |    47 |   101 |    11 ||   234

Table legend: (Time is in decaauts)
 A = Elapsed time spent in this place.
 B = Non-inter-level travel time spent in this place.
 C = Inter-level travel time spent in this place.
 D = Time resting spent in this place.
 E = Time spent auto-exploring this place.
 F = Levels seen in this place.
 G = Mean time per level.
                   A        B        C        D        E       F      G
               +--------+--------+--------+--------+--------+-----+--------+
         Total |  12027 |  11756 |    271 |   5076 |   4797 |   9 | 1336.3 |
       Dungeon |  12027 |  11756 |    271 |   5076 |   4797 |   9 | 1336.3 |
               +--------+--------+--------+--------+--------+-----+--------+

Top non-repeatable levels by time:
     D:6: 2360 daAuts
     D:9: 1774 daAuts
     D:2: 1510 daAuts
     D:7: 1473 daAuts
     D:8: 1350 daAuts
     D:1: 1319 daAuts
     D:5: 1075 daAuts
     D:4: 584 daAuts
     D:3: 578 daAuts
